 Dungeon Crawl Stone Soup version 0.30-a0-170-g85af917532 (webtiles) character file.

Game seed: 16021241070150682316

8 jlumianski the Chopper (level 2, 0/22 HPs)
             Began as a Demonspawn Gladiator on Sept 30, 2022.
             Succumbed to an adder's poison
             ... on level 1 of the Dungeon.
             The game lasted 00:00:51 (80 turns).

jlumianski the Chopper (Demonspawn Gladiator)         Turns: 80, Time: 00:00:52

Health: 0/22       AC:  4    Str: 14    XL:     2   Next: 0%
Magic:  2/2        EV: 12    Int:  9    God:
Gold:   25         SH:  0    Dex: 14    Spells: 1/1 levels left

rFire   . . .      SeeInvis .    a - +0 war axe
rCold   . . .      Faith    .    (no shield)
rNeg    . . .      Spirit   .    b - +0 leather armour
rPois   .          Reflect  .    c - +0 helmet
rElec   .          Harm     .    (no cloak)
rCorr   .          Rampage  .    (no gloves)
Will    .....                    (no boots)
Stlth   +.........               (no amulet)
HPRegen 0.07/turn                (no ring)
MPRegen 0.08/turn                (no ring)

@: lethally poisoned (0 -> -4)
A: demonic guardian 1
a: no special abilities


You were on level 1 of the Dungeon.
You visited 1 branch of the dungeon, and saw 2 of its levels.

You collected 25 gold pieces.

Inventory:

Hand Weapons
 a - a +0 war axe (weapon)
 g - a +2 short sword of electrocution
Missiles
 d - 3 throwing nets (quivered)
 e - a javelin
 f - 4 boomerangs
Armour
 b - a +0 leather armour (worn)
 c - a +0 helmet (worn)
Scrolls
 h - a scroll of identify {unknown}


   Skills:
 + Level 2.0 Fighting
 + Level 2.9 Axes
 + Level 1.8 Throwing
 + Level 2.9 Dodging


You had one spell level left.
You didn't know any spells.
Your spell library contained the following spells:

 Spells                   Type           Power      Damage    Failure   Level
 Call Canine Familiar     Summ           0%         N/A       83%         3
 Portal Projectile        Hex/Tloc       0%         N/A       83%         3
 Leda's Liquefaction      Hex/Erth       0%         N/A       99%         4


Dungeon Overview and Level Annotations

Branches:
Dungeon (2/15)

Altars:
Gozag


Innate Abilities, Weirdness & Mutations

A weak demonic guardian rushes to your aid.


Message History

The adder is heavily wounded.
You feel sick. The adder misses you. x2
You miss the adder.
The adder is heavily wounded.
You feel sick. The adder bites you but does no damage.
The adder barely misses you.
You hit the adder but do no damage.
The adder is heavily wounded.
You feel sick. The adder misses you.
You closely miss the adder.
The adder is heavily wounded.
You feel sick.
You are no longer poisoned.
The adder barely misses you. The adder closely misses you.
You closely miss the adder.
The adder is heavily wounded.
The adder closely misses you. The adder misses you.
You barely miss the adder.
The adder is heavily wounded.
The adder bites you but does no damage. x2
You closely miss the adder.
The adder is heavily wounded.
The adder bites you but does no damage.
You miss the adder. You punch the adder.
The adder is heavily wounded.
The adder closely misses you. The adder bites you.
* * * LOW HITPOINT WARNING * * *
A demonic guardian appears!
You hit the adder.
The adder is almost dead.
The adder bites you.
* * * LOW HITPOINT WARNING * * *
You are lethally poisoned!
The adder poisons you!
Your quasit closely misses the adder.
Your quasit barely misses the adder.
Your quasit claws the adder but does no damage.
The adder misses you.
You hit the adder.
You kill the adder!
You die...

####### #.....#
#.....# #5....# +.
#†....#######
#.#.#@...........
+...#.....#######
.##..#............
#....#......##....
#.##.(.)..........
##+#.......###..#####
#.....#.........##
#.....#.#........#
#.........#..###.#


You could see a friendly quasit (summoned).

Vanquished Creatures
  An adder (D:1)
  2 bats (D:1)
  2 hobgoblins (D:1)
  A kobold (D:1)
  A quokka (D:1)
7 creatures vanquished.

Notes
Turn   | Place    | Note
-------+----------+-------------------------------------------
     0 | D:1      | jlumianski the Demonspawn Gladiator began the quest for the
                  | Orb.
     0 | D:1      | Reached XP level 1. HP: 16/16 MP: 1/1
    60 | D:2      | Found an opulent altar of Gozag.
    66 | D:1      | Gained mutation: A weak demonic guardian rushes to your
                  | aid. [demonic ancestry]
    66 | D:1      | Reached XP level 2. HP: 22/22 MP: 2/2
    79 | D:1      | HP: 1/22 [adder (1)]
    80 | D:1      | Succumbed to an adder's poison

Illustrated notes

Levels and vault maps discovered:
D:1:      mrwooster_arrival_statue, layout_basic
D:2:      layout_loops_ring, basic_altar, uniq_jessica

Action                   || total
-------------------------++-------
Melee: War axe           ||    21
       Punch             ||     2
Armor: Leather armour    ||    11
Dodge: Dodged            ||    18

Table legend: (Time is in decaauts)
 A = Elapsed time spent in this place.
 B = Non-inter-level travel time spent in this place.
 C = Inter-level travel time spent in this place.
 D = Time resting spent in this place.
 E = Time spent auto-exploring this place.
 F = Levels seen in this place.
 G = Mean time per level.
                   A        B        C        D        E       F      G
               +--------+--------+--------+--------+--------+-----+--------+
         Total |     87 |     87 |      0 |      0 |     11 |   2 |   43.5 |
       Dungeon |     87 |     87 |      0 |      0 |     11 |   2 |   43.5 |
               +--------+--------+--------+--------+--------+-----+--------+

Top non-repeatable levels by time:
     D:1: 83 daAuts
     D:2: 3 daAuts
